 Dungeon Crawl Stone Soup version 0.23-a0-655-g3751e1c (console) character file.

11 Duffy the Firebug (level 2, 19/19 HPs)
             Began as a Demonspawn Fire Elementalist on Jan 7, 2019.
             Quit the game on level 1 of the Dungeon.
             The game lasted 00:00:25 (447 turns).

Duffy the Firebug (Demonspawn Fire Elementalist)     Turns: 447, Time: 00:00:25

Health: 19/19      AC:  4    Str:  8    XL:     2   Next: 13%
Magic:  5/5        EV: 12    Int: 16    God:
Gold:   55         SH:  0    Dex: 13    Spells: 4/5 levels left

rFire    . . .     SeeInvis .   (no weapon)
rCold    . . .     Gourm    .   (no shield)
rNeg     . . .     Faith    .   a - +0 robe
rPois    .         Spirit   .   (no helmet)
rElec    .         Reflect  .   (no cloak)
rCorr    .         Harm     .   (no gloves)
MR       .....                  (no boots)
Stlth    ++........             (no amulet)
HPRegen  0.06/turn              (no ring)
MPRegen  0.09/turn              (no ring)

@: no status effects
A: thin metallic scales 1
a: no special abilities


You were on level 1 of the Dungeon.
You were not hungry.

You visited 1 branch of the dungeon, and saw 1 of its levels.

You collected 55 gold pieces.

Inventory:

Armour
 a - a +0 robe (worn)
Scrolls
 e - a scroll of teleportation {unknown}
Potions
 b - 2 potions of flight {unknown}
 d - a potion of invisibility {unknown}
Comestibles
 c - 2 rations
 f - 3 chunks of flesh


   Skills:
 - Level 1.7 Dodging
 - Level 1.7 Stealth
 - Level 2.0 Spellcasting
 + Level 2.2 Conjurations
 - Level 2.6 Fire Magic


You had 4 spell levels left.
You knew the following spells:

 Your Spells              Type           Power        Failure   Level  Hunger
h - Flame Tongue          Conj/Fire      #....        8%          1    #......

Your spell library contained the following spells:

 Spells                   Type           Power        Failure   Level  Hunger
 Throw Flame              Conj/Fire      #.....       12%         2    ###....
 Conjure Flame            Conj/Fire      #.......     22%         3    ###....
 Inner Flame              Hex/Fire       #.......     34%         3    ###....
 Sticky Flame             Conj/Fire      #.......     58%         4    #####..
 Fireball                 Conj/Fire      #.........   91%         5    ######.


Dungeon Overview and Level Annotations

Branches:
Dungeon (1/15)

Altars:


Innate Abilities, Weirdness & Mutations

You are partially covered in thin metallic scales. (AC +2)


Message History

The flame tongue hits the rat.
You kill the rat!
Casting: Flame Tongue (safe; 8% risk of failure)
Confirm with . or Enter, or press ? or * to list all spells.
You can't see any susceptible monsters within range! (Use Z to cast anyway.)
Casting: Flame Tongue (safe; 8% risk of failure)
Confirm with . or Enter, or press ? or * to list all spells.
You can't see any susceptible monsters within range! (Use Z to cast anyway.)
You butcher the rat corpse.
f - 4 chunks of flesh (gained 1)
Things that are here:
25 arrows; a rat skeleton
Things that are here:
25 arrows; a rat skeleton
Found a leather armour.
You now have 55 gold pieces (gained 14).
Some of the chunks of flesh in your inventory have rotted away.
A giant cockroach comes into view.
Found a stone staircase leading down.
Are you sure you want to abandon this character and quit the game? (Confirm

..####.###..(.....# #.#
#.######.# .. # #.###.#
#.# . #. #.#.##.# #.# .
.##.###.#.# #.# . ..#
##..######.# #
#####.###.####.....#
##### .....s.#.##
#.##### ....# #@## #.#
###.# ### ###.#########
# #.# #...........# #
#.# #####.#.#######.## #
#.##############.......#
#... #
#..................#.###
#### #
############.#####.#.# #
#.# #.#.############ .
#.# #.%..........#..


You could see a giant cockroach (sleeping).

Vanquished Creatures
  A leopard gecko (D:1)
  A bat (D:1)
  A goblin (D:1)
  A hobgoblin (D:1)
  2 frilled lizards (D:1)
  A kobold (D:1)
  4 rats (D:1)
11 creatures vanquished.

Notes
Turn   | Place    | Note
-------+----------+-------------------------------------------
     0 | D:1      | Duffy the Demonspawn Fire Elementalist began the quest for
                  | the Orb.
     0 | D:1      | Reached XP level 1. HP: 13/13 MP: 3/3
   253 | D:1      | Gained mutation: You are partially covered in thin metallic
                  | scales. (AC +2) [demonic ancestry]
   253 | D:1      | Reached XP level 2. HP: 19/19 MP: 1/5
   447 | D:1      | Quit the game

Vault maps used:
D:1:      shiori_arrival_oz

Skill      XL: |  1 |
---------------+----+-----
Conjurations   | 2 |  2.2
Dodging        | |  1.7
Stealth        | |  1.7
Spellcasting   | |  2.0
Fire Magic     | |  2.6

Action                   || total
-------------------------++-------
 Cast: Flame Tongue      ||    16
Dodge: Dodged            ||     5

Table legend:
 A = Non-vault XP
 B = Vault XP
 C = Vault XP percentage of total XP
 D = Non-vault monster count
 E = Vault monster count
 F = Vault count percentage of total count
                 A         B        C        D         E       F
            +---------+---------+-------+---------+---------+-------
      Total |      16 |       0 |   0.0 |      11 |       0 |   0.0
            +---------+---------+-------+---------+---------+-------
        D:1 |      16 |       0 |   0.0 |      11 |       0 |   0.0
            +---------+---------+-------+---------+---------+-------
